 Dungeon Crawl Stone Soup version 0.23-a0-395-gcf17ac6 (webtiles) character file.

28 BingusPrime the Ruffian (level 2, 0/23 HPs)
             Began as a Draconian Transmuter on Nov 1, 2018.
             Slain by a worker ant (3 damage)
             ... on level 2 of the Dungeon.
             The game lasted 00:02:26 (874 turns).

BingusPrime the Ruffian (Draconian Transmuter)       Turns: 874, Time: 00:02:27

Health: 0/23       AC:  4    Str: 12    XL:     2   Next: 96%
Magic:  5/5        EV: 12    Int: 13    God:
Gold:   58         SH:  0    Dex: 11    Spells: 4/5 levels left

rFire    . . .     SeeInvis +     - Unarmed
rCold    . . .     Gourm    .   (no shield)
rNeg     . . .     Faith    .   (armour unavailable)
rPois    .         Spirit   .   (helmet restricted)
rElec    .         Reflect  .   (no cloak)
rCorr    .         Harm     .   (no gloves)
MR       .....                  (no boots)
Stlth    +.........             (no amulet)
HPRegen  0.07/turn              h - ring of see invisible
MPRegen  0.09/turn              (no ring)

@: lethally poisoned (0 -> -4), appendage (expiring)
A: unfitting armour, horns 2, cold-blooded, AC +4
a: End Transformation


You were on level 2 of the Dungeon.
You were not hungry.
You had grown temporary horns.
You visited 1 branch of the dungeon, and saw 2 of its levels.

You collected 58 gold pieces.

Inventory:

Missiles
 a - 12 arrows
Jewellery
 h - a ring of see invisible (left hand)
Scrolls
 e - a scroll of fog {unknown}
 f - 2 scrolls of remove curse {unknown}
 g - a scroll of noise {unknown}
 i - a scroll of identify {unknown}
 k - a scroll of immolation {unknown}
Potions
 b - 3 potions of lignification {unknown}
 d - a potion of curing {unknown}
 j - a potion of brilliance {unknown}
Comestibles
 c - 3 rations


   Skills:
 + Level 1.2 Fighting
 + Level 1.8 Dodging
 + Level 0.2 Stealth
 * Level 3.7 Unarmed Combat
 + Level 2.2 Spellcasting
 + Level 2.2 Transmutations


You had 4 spell levels left.
You knew the following spells:

 Your Spells              Type           Power        Failure   Level  Hunger
a - Beastly Appendage     Tmut           #.....       10%         1    ##.....

Your spell library contained the following spells:

 Spells                   Type           Power        Failure   Level  Hunger
 Sticks to Snakes         Tmut           #.......     16%         2    ###....
 Spider Form              Tmut/Pois      #.........   43%         3    ####...
 Ice Form                 Ice/Tmut       #.......     85%         4    #####..
 Blade Hands              Tmut           #.........   95%         5    ######.


Dungeon Overview and Level Annotations

Branches:
Dungeon (2/15)

Altars:


Innate Abilities, Weirdness & Mutations

Your plain brown scales are hard. (AC +4)
You cannot fit into any form of body armour.
You are cold-blooded and may be slowed by cold attacks.
You have a pair of horns on your head.


Message History

The worker ant bites you but does no damage.
You hit the worker ant. You tail-slap the worker ant.
The worker ant is severely wounded.
You feel sick. The worker ant bites you.
* * * LOW HITPOINT WARNING * * *
You closely miss the worker ant.
The worker ant is severely wounded.
The worker ant bites you but does no damage.
You barely miss the worker ant.
The worker ant is severely wounded.
The worker ant waves its antennae.
The worker ant closely misses you.
You closely miss the worker ant.
The worker ant is severely wounded.
* * * LOW HITPOINT WARNING * * *
You feel sick. The worker ant misses you.
You closely miss the worker ant.
The worker ant is severely wounded.
The worker ant bites you.
You die...

###
..#
#.#
#.#
#.#
#a#
#@#
#.#
###


You could see a worker ant.

Vanquished Creatures
  A dart slug (D:1)
  A leopard gecko (D:1)
  5 bats (D:1)
  2 giant cockroaches (D:1)
  4 goblins (D:1)
  2 hobgoblins (D:1)
  5 frilled lizards (D:1)
  A kobold (D:1)
  7 rats (D:1)
28 creatures vanquished.

Notes
Turn   | Place    | Note
-------+----------+-------------------------------------------
     0 | D:1      | BingusPrime the Draconian Transmuter began the quest for
                  | the Orb.
     0 | D:1      | Reached XP level 1. HP: 16/16 MP: 3/3
   347 | D:1      | Reached XP level 2. HP: 23/23 MP: 3/5
   874 | D:2      | Slain by a worker ant

Vault maps used:
D:1:      dpeg_arrival_arbitrary_c, minmay_misc_feat_five
D:2:      lemuel_coloured_pillars_altar, elyvilon_altar_5, lemuel_blue_sif_altar

Action                   || total
-------------------------++-------
Melee: Unarmed           ||    94
       Headbutt          ||     9
       Kick              ||     1
       Tailslap          ||     9
       Punch             ||     1
 Cast: Beastly Appendage ||    14
Armor: Skin              ||    34
Dodge: Dodged            ||    76

Table legend:
 A = Non-vault XP
 B = Vault XP
 C = Vault XP percentage of total XP
 D = Non-vault monster count
 E = Vault monster count
 F = Vault count percentage of total count
                 A         B        C        D         E       F
            +---------+---------+-------+---------+---------+-------
      Total |      40 |       0 |   0.0 |      28 |       0 |   0.0
            +---------+---------+-------+---------+---------+-------
        D:1 |      40 |       0 |   0.0 |      28 |       0 |   0.0
            +---------+---------+-------+---------+---------+-------
